 Dungeon Crawl Stone Soup version 0.28.0-53-g5a82cb258f (webtiles) character file.

Game seed: 17479895550747892178

1 dan0san the Caller (level 1, 0/15 HPs)
             Began as a Naga Summoner on June 1, 2022.
             Slain by a hobgoblin (5 damage)
             ... on level 1 of the Dungeon.
             The game lasted 00:01:08 (50 turns).

dan0san the Caller (Naga Summoner)                    Turns: 50, Time: 00:01:09

Health: 0/15       AC:  1    Str: 10    XL:     1   Next: 20%
Magic:  3/3        EV:  9    Int: 15    God:
Gold:   0          SH:  0    Dex: 11    Spells: 3/4 levels left

rFire   . . .      SeeInvis +   (no weapon)
rCold   . . .      Faith    .   (no shield)
rNeg    . . .      Spirit   .   a - +0 robe
rPois   +          Reflect  .   (no helmet)
rElec   .          Harm     .   (no cloak)
rCorr   .          Rampage  .   (no gloves)
Will    .....                   (no barding)
Stlth   ++........              (no amulet)
HPRegen 0.05/turn               (no ring)
MPRegen 0.08/turn               (no ring)

@: very slow
A: AC +0, large, see invisible, deformed body, poison resistance, slowness 2,
spit poison 1, naga tail 1
a: Spit Poison


You were on level 1 of the Dungeon.
You visited 1 branch of the dungeon, and saw 1 of its levels.

Inventory:

Armour
 a - a +0 robe (worn)


   Skills:
 + Level 1.5 Dodging
 + Level 3.0 Stealth
 + Level 2.0 Spellcasting
 + Level 4.0 Summonings


You had 3 spell levels left.
You knew the following spells:

 Your Spells              Type           Power      Damage    Failure   Level
a - Summon Small Mammal   Summ           52%        N/A       4%          1

Your spell library contained the following spells:

 Spells                   Type           Power      Damage    Failure   Level
 Call Imp                 Summ           13%        N/A       6%          2
 Call Canine Familiar     Summ           13%        N/A       13%         3
 Summon Guardian Golem    Hex/Summ       7%         N/A       28%         3
 Summon Lightning Spire   Summ/Air       7%         N/A       67%         4


Dungeon Overview and Level Annotations

Branches:
Dungeon (1/15)

Altars:


Innate Abilities, Weirdness & Mutations

Your serpentine skin is tough. (AC +0)
You have supernaturally acute eyesight. (SInv)
Armour fits poorly on your strangely shaped body.
Your system is resistant to poisons. (rPois)
You cover ground very slowly.
You can spit poison.
You have a snake-like lower body.


Message History

The hobgoblin shouts!
The hobgoblin completely misses you.
The ball python hisses angrily.
You hit the hobgoblin.
The hobgoblin is heavily wounded.
The hobgoblin hits you.
You hit the hobgoblin.
The hobgoblin is almost dead.
The hobgoblin barely misses you.
A hobgoblin comes into view.
You barely miss the hobgoblin.
The hobgoblin shouts!
Your punch misses the hobgoblin.
The hobgoblin is almost dead.
The hobgoblin closely misses you. The ball python closely misses you.
You hit the hobgoblin.
You kill the hobgoblin!
The ball python bites you.
You closely miss the ball python. The ball python closely misses you.
You barely miss the ball python. The ball python bites you.
You closely miss the ball python. The ball python bites you.
An endoplasm comes into view.
A goblin comes into view. It is wielding a +0 club.
You are too injured to fight recklessly!
You are too injured to fight recklessly!
You are too injured to fight recklessly!
You are too injured to fight recklessly!
You are too injured to fight recklessly!
You are too injured to fight recklessly!
You are too injured to fight recklessly!
You are too injured to fight recklessly!
You barely miss the ball python.
The goblin shouts!
The ball python bites you but does no damage.
The ball python bites you.
You barely miss the ball python. The hobgoblin barely misses you.
The ball python bites you but does no damage.
You hit the ball python but do no damage.
The hobgoblin hits you.
You die...

#### #........#
....#####........#
#.....##........#
####.....##........###
#........##.......##≈##
#................##≈P≈≈
#................#≈P8PP
#....†@..........##≈P..
#.....Sg.######....≈≈<.
#........# #..##≈♣..
#.......... #..#≈♣8♣P
#........#.# #..##≈♣≈≈
#.....g..#.# #..### ##
#........# # #...
#...#..#.# .... ...##


You could see a hobgoblin, a goblin and a ball python.

Vanquished Creatures
  A hobgoblin (D:1)
1 creature vanquished.

Notes
Turn   | Place    | Note
-------+----------+-------------------------------------------
     0 | D:1      | dan0san the Naga Summoner began the quest for the Orb.
     0 | D:1      | Reached XP level 1. HP: 15/15 MP: 3/3
    50 | D:1      | Slain by a hobgoblin

Illustrated notes

Levels and vault maps discovered:
D:1:      ldierk_walled_garden_2, layout_basic, minivault_14,
          kennysheep_another_room, minmay_misc_feat_more_columns

Action                   || total
-------------------------++-------
Melee: Unarmed           ||    10
 Cast: Summon Small Mamm ||     1
Armor: Robe              ||     2
Dodge: Dodged            ||     6
